 Dungeon Crawl Stone Soup version 0.02-32-ge3bdf778cf (webtiles) character file.

Game seed: 11561810222140375217, levelgen mode: deterministic

113 minicreteconcrete the Twirler (level 4, 0/33 HPs) Lignifite Berserker. Began on Sept 11, 2020. Was a Follower of Trog. Killed from afar by an orc wizard (2 damage) ... with a sting ... on level 4 of the Dungeon. The game lasted 00:03:41 (272 turns).

minicreteconcrete the Twirler (Lignifite Berserker)  Turns: 272, Time: 00:03:42

Health: 0/33       AC:  1    Str: 29    XL:     4 ^: 34
Magic:  5/5        EV: 16    Int:  8    God:    Trog [1* [46]]
Gold:   18         SH:  6    Dex:  7    Spells: 3/3 levels left

rFire    x . .     Vision   .   a - +0 mace
rCold    . . .     Gourm    .   h - +0 buckler
rNeg     . . .     Faith    .   b - +0 animal skin
rPois    +         Spirit   .   (helmet restricted)
rElec    .         Reflect  .   (no cloak)
rCorr    .         Harm     .   (gloves unavailable)
MR       .....     Rnd*Rage +   (boots unavailable)
Stlth    +.........             (no amulet)
HPRegen  0.21/turn              (no ring)
MPRegen  0.15/turn              (no ring)

@: mighty, berserk cooldown, slowed, slow
A: very small, rF-, deformed body, speed 1, poison resistance, slow metabolism
1, torment resistance, plant, rot immunity
a: Berserk, Renounce Religion


You were on level 4 of the Dungeon.
You worshipped Trog.
Trog was aware of your devotion.
You were not hungry.

You visited 1 branch of the dungeon, and saw 4 of its levels.

You collected 18 gold pieces.

Inventory:

Weapons
 a - a +0 mace (weapon)
 i - a +2 short sword of speed Shields
 h - a +0 buckler (shield)
Armour
 b - a +0 animal skin (worn)
 g - a +0 plate armour
Scrolls
 d - a scroll of magic mapping
 e - a scroll of teleportation
 l - a scroll of blinking
Comestibles
 c - 6 rations
 f - 5 chunks of flesh


   Skills:
 + Level 3.8 Fighting
 + Level 4.6 Maces & Staves
 + Level 3.4 Dodging
 + Level 0.1 Shields


You had 3 spell levels left.
You didn't know any spells.
Your spell library was empty.

Dungeon Overview and Level Annotations

Branches:
Dungeon (4/8)
 Temple: D:4

Altars:


Innate Abilities, Weirdness & Mutations

Your woody flesh burns easily. (rF-)
A tangle of shorter branches protects your body from attack. (+2 SH)
You are very small and have problems with some larger weapons.
You are too small for most types of armour.
Armour fits poorly on your strangely shaped body.
You cover ground quickly.
Your system is resistant to poisons. (rPois)
You have a slow metabolism.
You are immune to unholy pain and torment.
You require very little carbon dioxide to survive.
You are immune to rotting.
You frequently lose your temper in combat.
This godly rage surpasses even clarity. (*Rage)


Message History

The orc wizard is no longer moving quickly.
The orc wizard gestures wildly while chanting.
The orc wizard seems to speed up.
The orc misses you (0). x2
You block the orc wizard's attack. The orc closely misses you (0).
Unknown command.
You barely miss the orc wizard.
The orc wizard hits you with a cursed +0 dagger {(Curse: rC-)} (1).
* * * LOW HITPOINT WARNING * * *
The orc misses you (0). The orc wizard casts a spell at you.
You feel as though you will be slow longer.
You block the orc's attack.
You sock the orc wizard (10)!
The orc wizard is severely wounded. (3/13) HP The orc wizard hits you with a cursed +0 dagger {(Curse: rC-)} (3).
* * * LOW HITPOINT WARNING * * *
The orc barely misses you (0).
The orc wizard gestures at you while chanting.
The sting hits you (2). You resist.
You die...

###+######
#........#
#........+
#........#
#........#
#.oo.....#
#.@o..:..#
#........#
#........#
##########


You could see an orc wizard and 2 orcs.

Vanquished Creatures
  An ogre (D:4)
  A bullfrog zombie (D:4)
  A leopard gecko (D:1)
  4 orcs
  2 giant cockroaches
  A kobold (D:1)
  A quokka (D:4)
  A ball python (D:1)
  3 bats (D:1)
15 creatures vanquished.

Vanquished Creatures (others)
  9 withered plants (D:2)
9 creatures vanquished.

Grand Total: 24 creatures vanquished

Notes
Turn   | Place    | Note
-------+----------+-------------------------------------------
     0 | D:1      | minicreteconcrete the Lignifite Berserker began the quest
                  | for the Orb.
     0 | D:1      | Reached XP level 1. HP: 14/14 MP: 2/2
    63 | D:1      | Reached XP level 2. HP: 21/21 MP: 3/3
   179 | D:4      | Noticed an ogre
   187 | D:4      | Killed an ogre
   187 | D:4      | Reached skill level 4 in Maces & Staves
   187 | D:4      | Reached XP level 3. HP: 27/27 MP: 4/4
   187 | D:4      | Reached XP level 4. HP: 33/33 MP: 5/5
   257 | D:4      | Received a gift from Trog
   272 | D:4      | Killed from afar by an orc wizard

Levels and vault maps discovered:
D:1:      zelgadis_glass_arrival_small, layout_basic
D:2:      layout_sewer, grunt_temple_overflow_open, uniq_purgy, uniq_jessica
D:3:      layout_loops_ring, first_ration
D:4:      layout_roguey, minmay_temple_entry_sparse_star

Skill      XL: |  1  2 |
---------------+-------+-----
Maces & Staves | 4 |  4.6
Dodging        | 3 |  3.4
Fighting       | |  3.8
Shields        | |  0.1

Action                   |  1- 3 |  4- 6 || total
-------------------------+-------+-------++-------
Melee: Mace              |    26 |    34 ||    60
       Unarmed           |    11 |       ||    11
Invok: Berserk           |     1 |     1 ||     2
  Use: Potion            |       |     2 ||     2
Armor: Animal skin       |     2 |       ||     2
Dodge: Dodged            |    30 |    57 ||    87
Block: Other             |     1 |       ||     1
       Buckler           |     2 |    15 ||    17
